 Dungeon Crawl Stone Soup version 0.29.0 (webtiles) character file.

Game seed: 2923298526441222937

24 samcosmo the Magician (level 2, -1/15 HPs)
             Began as a Deep Elf Earth Elementalist on Sept 8, 2022.
             Killed from afar by Sigmund (7 damage)
             ... with a magic dart
             ... on level 2 of the Dungeon.
             The game lasted 00:03:11 (867 turns).

samcosmo the Magician (Deep Elf Earth Elementalist)  Turns: 867, Time: 00:03:12

Health: -1/15      AC:  2    Str:  5    XL:     2   Next: 79%
Magic:  5/9        EV: 12    Int: 19    God:
Gold:   81         SH:  0    Dex: 15    Spells: 8/9 levels left

rFire   . . .      SeeInvis .   (no weapon)
rCold   . . .      Faith    .   (no shield)
rNeg    . . .      Spirit   .   a - +0 robe
rPois   .          Reflect  .   (no helmet)
rElec   .          Harm     .   (no cloak)
rCorr   .          Rampage  .   (no gloves)
Will    .....                   (no boots)
Stlth   ++........              (no amulet)
HPRegen 0.05/turn               (no ring)
MPRegen 0.11/turn               (no ring)

@: no status effects
A: no striking features
a: no special abilities


You were on level 2 of the Dungeon.
You visited 1 branch of the dungeon, and saw 2 of its levels.

You collected 81 gold pieces.

Inventory:

Armour
 a - a +0 robe (worn)
Scrolls
 d - a scroll of poison {unknown}
 g - a scroll of teleportation {unknown}
 h - a scroll of enchant armour {unknown}
Potions
 b - a potion of magic
 c - a potion of attraction {unknown}
 e - a potion of curing {unknown}
 f - a potion of invisibility {unknown}
 i - a potion of brilliance {unknown}
 j - a potion of heal wounds {unknown}


   Skills:
 - Level 2.4 Dodging
 - Level 2.4 Stealth
 * Level 4.2 Spellcasting
 - Level 1.1 Transmutations
 + Level 3.7 Earth Magic


You had 8 spell levels left.
You knew the following spells:

 Your Spells              Type           Power      Damage    Failure   Level
a - Sandblast             Erth           36%        2d10      3%          1

Your spell library contained the following spells:

 Spells                   Type           Power      Damage    Failure   Level
 Passwall                 Tmut/Erth      10%        N/A       8%          2
 Stone Arrow              Conj/Erth      22%        3d8       19%         3
 Petrify                  Tmut/Erth      13%        N/A       45%         4


Dungeon Overview and Level Annotations

Branches:
Dungeon (2/15)

Altars:

Annotations:
D:2 Sigmund


Message History

Sigmund barely misses you.
Casting: Sandblast (safe; 3% risk of failure)
Confirm with . or Enter, or press ? or * to list all spells.
Aiming: Sandblast (safe; 3% risk of failure)
Press: ? - help, Shift-Dir - straight line, f/p - Sigmund
Aim: Sigmund, wielding a +0 scythe of protection and wearing a +2 robe (lightly wounded, 80% to hit)
The blast of sand hits Sigmund but does no damage.
Sigmund is lightly wounded.
Sigmund hits you but does no damage.
Casting: Sandblast (safe; 3% risk of failure)
Confirm with . or Enter, or press ? or * to list all spells.
Aiming: Sandblast (safe; 3% risk of failure)
Press: ? - help, Shift-Dir - straight line, f/p - Sigmund
Aim: Sigmund, wielding a +0 scythe of protection and wearing a +2 robe (lightly wounded, 80% to hit)
The blast of sand hits Sigmund!
Sigmund is moderately wounded.
Sigmund gestures wildly while chanting.
Sigmund flickers and vanishes!
Deactivating autopickup; reactivate with Ctrl-A.
You hear some strange, mumbled words.
You are confused.
You're too confused to cast spells.
Sorry, you're not good enough to have a special ability.
You're too confused to cast spells.
You bump into the rock wall.
Something hits you!
Ouch! That really hurt!
You feel less confused.
A puff of flame appears from out of thin air!
The puff of flame misses you.
Casting: Sandblast (safe; 3% risk of failure)
Confirm with . or Enter, or press ? or * to list all spells.
You can't see any susceptible monsters within range! (Use Z to cast anyway.)
Casting: Sandblast (safe; 3% risk of failure)
Confirm with . or Enter, or press ? or * to list all spells.
Aiming: Sandblast (safe; 3% risk of failure)
Press: ? - help, Shift-Dir - straight line The blast of sand hits something.
A magic dart appears from out of thin air!
The magic dart hits you!
You die...

### ##... #.... #....
# #..... .#.
......### #.#
#.#.#...# #. #.##
#.#.# #@# #. #.<#
#.#.###.### #.
#..###.#.......##
#.##..##.#...##.#{.#
##.......###..#)###.#
........#.#.##.#.#.##
...........##.###.#.#
.......######..#.##.#
#####.## ##..#..(#


There were no monsters in sight!

Vanquished Creatures
  3 dart slugs
  An orc (D:2)
  3 ball pythons
  2 endoplasms
  A giant cockroach (D:2)
  2 goblins
  A frilled lizard (D:1)
  2 kobolds (D:1)
  2 rats (D:1)
17 creatures vanquished.

Vanquished Creatures (others)
  6 plants (D:2)
6 creatures vanquished.

Grand Total: 23 creatures vanquished

Notes
Turn   | Place    | Note
-------+----------+-------------------------------------------
     0 | D:1      | samcosmo the Deep Elf Earth Elementalist began the quest
                  | for the Orb.
     0 | D:1      | Reached XP level 1. HP: 10/10 MP: 6/6
   326 | D:1      | Reached XP level 2. HP: 15/15 MP: 5/8
   742 | D:2      | Reached skill level 4 in Spellcasting
   847 | D:2      | Noticed Sigmund
   867 | D:2      | Killed from afar by Sigmund

Illustrated notes

Levels and vault maps discovered:
D:1:      dpeg_arrival_castle, layout_basic, hangedman_decor_opposing,
          chequers_jeans
D:2:      layout_loops_ring, minmay_misc_feat_more_columns, serial_bayou_pond_c,
          minmay_tripent, uniq_sigmund

Skill      XL: |  1  2 |
---------------+-------+-----
Spellcasting   | 4 |  4.2
Dodging        | |  2.4
Stealth        | |  2.4
Transmutations | |  1.1
Earth Magic    | |  3.7

Action                   || total
-------------------------++-------
 Cast: Sandblast         ||    27
Armor: Robe              ||     1
Dodge: Dodged            ||     6
